 Dungeon Crawl Stone Soup version 0.30-a0-390-g80c34de65d (webtiles) character file.

Game seed: 6125835536869060175

11507 ragingrage the Covert (level 12, -4/76 HPs)
             Began as a Kobold Brigand on Dec 5, 2022.
             Was an Elder of Wu Jian.
             Slain by a komodo dragon (22 damage)
             ... on level 1 of the Lair of Beasts.
             The game lasted 00:15:30 (11330 turns).

ragingrage the Covert (Kobold Brigand)             Turns: 11330, Time: 00:15:31

Health: -4/76      AC:  7    Str:  8    XL:     12   Next: 8%
Magic:  12/12      EV: 19    Int: 13    God:    Wu Jian [****..]
Gold:   539        SH:  7    Dex: 21    Spells: 11/11 levels left

rFire   . . .      SeeInvis .    a - +2 dagger (venom)
rCold   . . .      Faith    .    A - +0 buckler
rNeg    + . .      Spirit   .    Z - +2 leather armour {Will+}
rPois   .          Reflect  .    (no helmet)
rElec   .          Harm     .    D - +0 cloak
rCorr   +          Rampage  .    f - +0 pair of gloves
Will    +....                    (no boots)
Stlth   +++++++...               (no amulet)
HPRegen 0.32/turn                p - ring of resist corrosion
MPRegen 0.13/turn                E - ring of positive energy

@: lethally poisoned (-4 -> -12), slowed, very slow
A: small, no large weapons, nightstalker 3
a: Renounce Religion, Wall Jump, Serpent's Lash


You were on level 1 of the Lair of Beasts.
You worshipped Wu Jian.
Wu Jian was greatly pleased with you.
You visited 3 branches of the dungeon, and saw 12 of its levels.
You also visited: Bailey.

You collected 653 gold pieces.
You spent 114 gold pieces at shops.

Inventory:

Hand Weapons
 a - a +2 dagger of venom (weapon)
 b - a +2 short sword of flaming
 s - a +0 short sword of holy wrath
 B - a +2 dagger
 N - a +0 rapier
Missiles
 d - 25 poisoned darts (quivered)
 e - 3 curare-tipped darts
 C - 6 boomerangs of dispersal
Armour
 f - a +0 pair of gloves (worn)
 A - a +0 buckler (worn)
 D - a +0 cloak (worn)
 Z - a +2 leather armour of willpower (worn)
Jewellery
 m - a ring of fire
 p - a ring of resist corrosion (left hand)
 E - a ring of positive energy (right hand)
 V - a ring of positive energy
 W - a ring of flight
 Y - a ring of ice
Wands
 v - a wand of paralysis (7)
 G - a wand of polymorph (17)
 I - a wand of roots (1)
 P - a wand of digging (4)
 R - a wand of mindburst (9)
 X - a wand of flame (5)
Scrolls
 g - 4 scrolls of noise {unknown}
 h - 2 scrolls of poison
 j - 3 scrolls of teleportation {unknown}
 l - 2 scrolls of enchant weapon {unknown}
 n - a scroll of blinking {unknown}
 o - 4 scrolls of vulnerability
 w - 2 scrolls of immolation
 F - a scroll of amnesia {unknown}
 H - 2 scrolls of enchant armour
 J - 2 scrolls of brand weapon
 K - 2 scrolls of silence
 L - a scroll of summoning {unknown}
 M - a scroll of magic mapping {unknown}
Potions
 c - 4 potions of resistance
 k - 2 potions of lignification {unknown}
 q - a potion of flight {unknown}
 r - 9 potions of heal wounds
 t - 3 potions of haste
 u - 5 potions of cancellation
 x - 2 potions of brilliance
 y - a potion of curing {unknown}
 z - 2 potions of mutation {unknown}
 O - 2 potions of might
 Q - 3 potions of invisibility
 S - a potion of magic {unknown}
 T - a potion of attraction {unknown}
 U - a potion of degeneration {unknown}


   Skills:
 + Level 9.0 Fighting
 + Level 10.3 Short Blades
 + Level 4.4 Throwing
 - Level 2.0 Armour
 + Level 8.2 Dodging
 + Level 14.7 Stealth
 + Level 4.5 Shields
 - Level 9.0 Evocations


You had 11 spell levels left.
You didn't know any spells.
Your spell library contained the following spells:

 Spells                   Type           Power      Damage    Failure   Level
 Slow                     Hex            0%         N/A       54%         1
 Confusing Touch          Hex            0%         N/A       88%         3
 Vampiric Draining        Necr           0%         2d6       88%         3
 Vhi's Electric Charge    Tloc/Air       0%         N/A       88%         3
 Olgreb's Toxic Radiance  Pois           0%         N/A       99%         4
 Alistair's Intoxication  Tmut/Pois      0%         N/A       100%        5
 Arcjolt                  Conj/Air       0%         1d10      100%        5
 Borgnjor's Vile Clutch   Necr/Erth      0%         N/A       100%        5
 Eringya's Noxious Bog    Tmut/Pois      0%         N/A       100%        6
 Ozocubu's Refrigeration  Ice            0%         4d7       100%        7
 Ignition                 Fire           0%         3d3       100%        8
 Maxwell's Capacitive Co  Air            0%         ∞         100%        8


Dungeon Overview and Level Annotations

Branches:
Dungeon (10/15)            Temple (1/1) D:5            Lair (1/5) D:8
 Bailey (visited)
    Orc: D:9-12

Altars:
Ashenzari
Cheibriados
Dithmenos
Elyvilon
Fedhas
Gozag
Kikubaaqudgha
Makhleb
Nemelex Xobeh
Okawaru
Qazlal
Sif Muna
Trog
Uskayaw
Vehumet
Wu Jian
Xom
Zin

Shops:
D:1 (   D:2 *

Annotations:
Lair:1 Amaemon


Innate Abilities, Weirdness & Mutations

You are small and have problems with some larger weapons.
You are completely attuned to the shadows.


Message History

A water moccasin comes into view.
You spin and attack the blink frog repeatedly.
You hit the blink frog but do no damage.
The blink frog looks as sick as possible!
The blink frog is moderately wounded.
You hit the blink frog but do no damage.
The blink frog is moderately wounded.
The komodo dragon seems to regain its courage.
The blink frog hits you! You block the blink frog's attack.
The blink frog hits you!
The blink frog blinks!
The blink frog attacks as you move away!
The blink frog completely misses you.
The blink frog blinks!
The blink frog hits you but does no damage.
There is a staircase back to the Dungeon here.
You climb upwards.
Welcome back to the Dungeon!
There is a staircase to the Lair, spattered with blood here.
You start resting.
The sentinel's mark upon you fades away.
You start resting.
HP restored.
You climb downwards.
Welcome back to the Lair of Beasts!
Level annotation: Amaemon The hornet completely misses you.
The blink frog hits you! x2
You block the komodo dragon's attack. The hornet stings you!
You are poisoned.
You feel yourself slow down. The blink frog closely misses you.
A water moccasin comes into view.
You block the blink frog's attack.
The komodo dragon hisses menacingly.
The komodo dragon bites you but does no damage.
There is a staircase back to the Dungeon, spattered with blood here.
You feel very sick. The hornet stings you!
You feel as though you will be slow longer.
The blink frog hits you!
* * * LOW HITPOINT WARNING * * *
The blink frog completely misses you. The water moccasin misses you.
The hornet stings you but does no damage.
The blink frog blinks!
The komodo dragon bites you!!
You die...

...........F.#
.......6....[#
.....†...S...P#
.###6##+#.##.##
.......F...#.#
....F.FS...#
######6##.#
....FyFS...
....@lS....
....FS.....
....†......
####P#....
###.... ..


You could see Amaemon, a komodo dragon, a cane toad, 4 blink frogs, a hornet and
4 water moccasins.

Vanquished Creatures
  An orc knight (Bailey)
  2 cyclopes
  2 komodo dragons
  A troll (D:9)
  A hornet (D:7)
  A blink frog (Lair:1)
  2 wyverns
  9 yaks
  2 steam dragons
  Edmund (D:4)
  A water moccasin (D:6)
  Duvessa (D:7)
  2 orc warriors
  An ice beast (D:8)
  2 black bears
  A sky beast (D:7)
  An ogre (D:7)
  2 centaurs
  3 phantoms
  3 kobold brigands
  A necrophage (D:6)
  5 bullfrogs
  6 scorpions
  5 wights (D:8)
  Dowan (D:7)
  8 killer bees
  4 howler monkeys
  8 hounds
  4 orc priests
  A gnoll bouda (D:6)
  4 jellies
  Terence (D:2)
  11 orc wizards
  6 iguanas
  17 gnolls
  9 adders
  5 shadow imps
  2 white imps
  2 ufetubi
  A dart slug (D:2)
  42 orcs
  18 ball pythons
  4 endoplasms (D:1)
  3 giant cockroaches
  7 goblins
  6 hobgoblins
  4 jackals (D:5)
  3 quokkas
  A bat (D:2)
  A frilled lizard (D:7)
  14 kobolds
  6 rats
249 creatures vanquished.

Vanquished Creatures (others)
  A fungus (Lair:1)
  7 plants (D:7)
8 creatures vanquished.

Grand Total: 257 creatures vanquished

Notes
Turn   | Place    | Note
-------+----------+-------------------------------------------
     0 | D:1      | ragingrage the Kobold Brigand began the quest for the Orb.
     0 | D:1      | Reached XP level 1. HP: 12/12 MP: 1/1
   143 | D:1      | Reached XP level 2. HP: 17/17 MP: 2/2
   300 | D:1      | Found Xiwkiniu's Antique Weapon Emporium.
   650 | D:1      | Reached XP level 3. HP: 21/21 MP: 3/3
   940 | D:2      | Noticed Terence
   944 | D:2      | Killed Terence
   945 | D:2      | Reached skill level 5 in Short Blades
   945 | D:2      | Reached XP level 4. HP: 26/26 MP: 4/4
  1058 | D:2      | Found Puuzaeji's General Store.
  1184 | D:2      | Reached skill level 6 in Stealth
  1665 | D:3      | Found a faded altar of an unknown god.
  1733 | D:2      | Reached XP level 5. HP: 22/30 MP: 5/5
  2094 | D:4      | Found a blossoming altar of Fedhas.
  2181 | D:4      | Noticed Edmund
  2185 | D:4      | Killed Edmund
  2186 | D:4      | Reached skill level 7 in Stealth
  2186 | D:4      | Reached XP level 6. HP: 35/35 MP: 6/6
  2255 | D:1      | Bought a glowing short sword for 114 gold pieces
  3100 | D:5      | Entered Level 5 of the Dungeon
  3130 | D:5      | Reached XP level 7. HP: 40/40 MP: 7/7
  3312 | D:5      | Reached skill level 8 in Stealth
  3610 | D:5      | Reached XP level 8. HP: 30/44 MP: 8/8
  3789 | D:5      | Found a staircase to the Ecumenical Temple.
  4028 | D:5      | Reached skill level 10 in Short Blades
  4032 | D:5      | Reached skill level 9 in Stealth
  4525 | Temple   | Entered the Ecumenical Temple
  4730 | Temple   | Became a worshipper of the Wu Jian Council
  4984 | D:6      | Reached skill level 10 in Stealth
  5147 | D:6      | Reached skill level 1 in Armour
  5147 | D:6      | Reached skill level 1 in Evocations
  5426 | D:6      | Reached skill level 1 in Shields
  5447 | D:6      | Found a burning altar of Makhleb.
  5503 | D:6      | Reached XP level 9. HP: 51/51 MP: 9/9
  5971 | D:6      | Reached * piety under Wu Jian
  6120 | D:7      | Noticed a cyclops
  6130 | D:7      | Killed a cyclops
  6131 | D:7      | Reached skill level 11 in Stealth
  6165 | D:7      | Noticed a komodo dragon
  6195 | D:7      | Noticed Duvessa
  6200 | D:7      | Noticed Dowan
  6200 | D:7      | Killed Duvessa
  6230 | D:7      | Found a flagged portal.
  6390 | Bailey   | Entered a bailey
  6505 | Bailey   | Reached ** piety under Wu Jian
  6521 | Bailey   | Noticed an orc knight
  6536 | Bailey   | Killed an orc knight
  6537 | Bailey   | Reached skill level 5 in Fighting
  6537 | Bailey   | Reached skill level 5 in Evocations
  6537 | Bailey   | Reached XP level 10. HP: 59/59 MP: 10/10
  6716 | D:7      | Reached skill level 13 in Stealth
  6716 | D:7      | Reached XP level 11. HP: 68/68 MP: 11/11
  7006 | D:7      | Reached skill level 14 in Stealth
  7053 | D:7      | Killed Dowan
  7696 | D:7      | Reached *** piety under Wu Jian
  8070 | D:8      | Found a staircase to the Lair.
  9834 | D:9      | Reached **** piety under Wu Jian
 11058 | D:10     | Entered Level 10 of the Dungeon
 11079 | D:10     | Noticed a cyclops
 11082 | D:10     | Killed a cyclops
 11083 | D:10     | Reached XP level 12. HP: 75/75 MP: 12/12
 11170 | Lair:1   | Entered Level 1 of the Lair of Beasts
 11197 | Lair:1   | Noticed Amaemon
 11330 | Lair:1   | Slain by a komodo dragon

Illustrated notes

Levels and vault maps discovered:
D:1:      elethiomel_arrival_infinity_welcomes_careful_drivers, layout_basic,
          serial_shops, shop, hangedman_decor_opposing, minmay_misc_feat_hallway
D:2:      layout_rooms, serial_rivers, chequers_serial_rivers_micro_b,
          chequers_serial_rivers_micro_d, chequers_serial_rivers_micro_a,
          chequers_serial_rivers_small_3, chequers_serial_rivers_micro_b,
          serial_shops, nicolae_shop_stone, uniq_terence
D:3:      layout_rooms, grunt_temple_overflow_cloverleaf,
          nicolae_ecumenical_snake_handling, corexii_hall_statues_i
D:4:      layout_cave_pods, fedhas_altar_3, dreamdust_wishing_well,
          supply_closet_lemuel, uniq_edmund
D:5:      layout_cave_pods, minmay_temple_entry_butterflies
D:6:      layout_basic, lemuel_crystal_altar
D:7:      minmay_thinvault, layout_cave_pods, serial_park,
          serial_park_tiny_pond, serial_park_square1
          [serial_park_minivault_5x5_7], serial_park_tiny_pond,
          serial_park_square3 [serial_park_minivault_5x5_2], serial_park_paths
          [serial_park_minivault_5x5_7], enter_bailey_5, minmay_lizard_king,
          uniq_duvessa
D:8:      layout_loops_corners, grunt_lair_entry_orc_guard_hut, kennysheep_dice
D:9:      layout_loops_corners, minivault_10
D:10:     layout_stronghold, serial_shops, nicolae_shop_statue_plus, serial_ice,
          serial_ice_g, serial_ice_b, serial_ice_o, serial_ice_h, uniq_psyche
Temple:   eino_temple_rhombus
Lair:1:   layout_chaotic_city, serial_bayou_pond_e, uniq_amaemon

Skill      XL: |  1  2  3  4  5  6  7  8  9 10 11 12 |
---------------+-------------------------------------+-----
Short Blades   | 3 4 5 7 9 10 | 10.3
Stealth        | 6 7 8 10 11 13 14 | 14.7
Armour         | 1 2 |  2.0
Evocations     | 2 5 8 9 |  9.0
Shields        | 1 3 4 |  4.5
Fighting       | 3 5 8 9 |  9.0
Dodging        | 2 7 8 |  8.2
Throwing       | 4 |  4.4

Action                   |  1- 3 |  4- 6 |  7- 9 | 10-12 || total
-------------------------+-------+-------+-------+-------++-------
Melee: Dagger            |    46 |    69 |   201 |   242 ||   558
       Short sword       |       |     7 |    38 |   120 ||   165
Throw: Dart              |       |       |       |     3 ||     3
Invok: Lunge             |       |       |    42 |    40 ||    82
       Whirlwind         |       |       |     4 |    33 ||    37
Evoke: Wand              |       |       |     3 |     1 ||     4
  Use: Scroll            |       |       |     6 |    11 ||    17
       Potion            |       |       |       |     1 ||     1
 Stab: Sleeping          |    15 |    22 |    50 |    38 ||   125
       Distracted        |       |       |     1 |     3 ||     4
       Paralysed         |       |       |     1 |     1 ||     2
       Fleeing           |       |       |       |     1 ||     1
Armor: Robe              |     6 |    11 |    20 |    13 ||    50
       Leather armour    |       |       |       |    11 ||    11
Dodge: Dodged            |    16 |    31 |    75 |   131 ||   253
Block: Buckler           |       |     1 |    31 |    56 ||    88

Table legend: (Time is in decaauts)
 A = Elapsed time spent in this place.
 B = Non-inter-level travel time spent in this place.
 C = Inter-level travel time spent in this place.
 D = Time resting spent in this place.
 E = Time spent auto-exploring this place.
 F = Levels seen in this place.
 G = Mean time per level.
                   A        B        C        D        E       F      G
               +--------+--------+--------+--------+--------+-----+--------+
         Total |  11106 |  10509 |    597 |   1880 |   6696 |  13 |  854.3 |
       Dungeon |  10523 |   9951 |    572 |   1880 |   6366 |  10 | 1052.3 |
        Temple |    221 |    198 |     23 |      0 |    182 |   1 |  221.0 |
          Lair |     39 |     39 |      0 |      0 |     11 |   1 |   39.0 |
        Bailey |    322 |    322 |      0 |      0 |    137 |   1 |  322.0 |
               +--------+--------+--------+--------+--------+-----+--------+

Top non-repeatable levels by time:
     D:8: 1662 daAuts
     D:9: 1626 daAuts
     D:7: 1528 daAuts
     D:5: 1413 daAuts
     D:6: 1175 daAuts
     D:4: 953 daAuts
     D:1: 879 daAuts
     D:2: 818 daAuts
     D:3: 430 daAuts
  Bailey: 322 daAuts
  Temple: 221 daAuts
  Lair:1: 39 daAuts
    D:10: 35 daAuts
